 Dungeon Crawl Stone Soup version 0.28.0 (webtiles) character file.

Game seed: 8862759706534385786

175 AmazingTV the Vandal (level 5, -6/27 HPs)
             Began as a Spriggan Hunter on Mar 23, 2024.
             Killed from afar by an orc wizard (9 damage)
             ... with a magic dart
             ... on level 3 of the Dungeon.
             The game lasted 00:12:26 (4603 turns).

AmazingTV the Vandal (Spriggan Hunter)              Turns: 4603, Time: 00:12:26

Health: -6/27      AC:  2    Str:  8    XL:     5   Next: 29%
Magic:  6/6        EV: 19    Int: 13    God:
Gold:   88         SH:  0    Dex: 17    Spells: 4/4 levels left

rFire   . . .      SeeInvis +   b - +0 dagger (speed) {short}
rCold   . . .      Faith    .   (no shield)
rNeg    . . .      Spirit   .   c - +0 robe
rPois   .          Reflect  .   (helmet restricted)
rElec   .          Harm     .   (no cloak)
rCorr   .          Rampage  .   (gloves unavailable)
Will    +....                   (boots unavailable)
Stlth   ++........              (no amulet)
HPRegen 0.09/turn               r - ring of willpower
MPRegen 0.10/turn               (no ring)

@: very quick
A: very small, no large weapons, unfitting armour, see invisible, speed 3
a: no special abilities


You were on level 3 of the Dungeon.
You visited 1 branch of the dungeon, and saw 3 of its levels.

You collected 88 gold pieces.


Innate Abilities, Weirdness & Mutations

You are very small and have problems with some larger weapons.
You are too small for most types of armour.
You have supernaturally acute eyesight. (SInv)
You cover ground extremely quickly. (Speed+++)


   Skills:
 + Level 2.5 Fighting
 + Level 2.6 Short Blades
 - Level 5.6 Slings
 + Level 4.3 Dodging
 + Level 2.0 Stealth


You had 4 spell levels left.
You didn't know any spells.
Your spell library contained the following spells:

 Spells                   Type           Power      Damage    Failure   Level
 Beastly Appendage        Tmut           0%         N/A       30%         1
 Freeze                   Ice            0%         1d3       30%         1
 Wereblood                Tmut           0%         N/A       43%         2
 Frozen Ramparts          Ice            0%         1d2       67%         3
 Spider Form              Tmut/Pois      0%         N/A       67%         3
 Hailstorm                Conj/Ice       0%         3d3       97%         4

Inventory:

Hand Weapons
 a - a +1 hunting sling {sling}
 b - a +0 dagger of speed (weapon) {short}
   (You took it off a goblin on level 2 of the Dungeon)
 d - a +0 short sword {short}
 g - a +2 whip of venom {mace}
   (You took it off a kobold on level 1 of the Dungeon)
Missiles
 i - 30 bolts
 k - 2 poisoned darts
 n - 7 sling bullets
 s - 11 stones (quivered)
 t - 2 boomerangs
Armour
 c - a +0 robe (worn)
Jewellery
 f - an amulet of faith {!P}
   (You found it on level 1 of the Dungeon)
 r - a ring of willpower (left hand)
   (You found it on level 2 of the Dungeon)
Scrolls
 e - a scroll of amnesia {unknown}
 h - a scroll of immolation {unknown}
 j - a scroll of blinking {unknown}
 l - a scroll of fog {unknown}
 o - 2 scrolls of acquirement {unknown}
 p - a scroll of identify {unknown}
 q - a scroll of enchant armour {unknown}
Potions
 m - 2 potions of brilliance {unknown}

Dungeon Overview and Level Annotations

Branches:
Dungeon (3/15)

Altars:
Elyvilon

Shops:
D:1

( .....#.......#
#...'.##.#.#.#.... .....#......<#
#...####.#.#...... .....####....#
#...# #.#.#####.. .....#
#...)###...# #.#.....#..
.....####..........####o......#..
.....##............#..........#..
.....##.........##.#.###......###
#######....#....##.#..(.(.....###
#....#....@#'#.(##.........
#######....#.......o.(##.........
#....#########'#.....(##.........
#....# ###.#.....(##.........
#....#######.........(##........†
#..............##....(#####.##...
#..............#.....(#####.##...
#..............##.........#......
#....................(###.#######


You could see an orc wizard (invisible).


Message History

* * * LOW HITPOINT WARNING * * *
The orc misses you. 😨 HP[-15]
You take 15 damage, and now have 12/27 hp.
MASSIVE DAMAGE!! (PAUSE)
Things that are here:
a +0 dagger {short}; 18 stones; an orc corpse 😨 HP[+1]
There is an open door here.
You start resting.
An orc is nearby! 😮 HP[+1]
There is a stone staircase leading up here.
You climb upwards.
There is a stone staircase leading down here.
You start resting. 😎 HP[+13]
Your hp is fully restored (27).
You climb downwards.
There is a stone staircase leading up here.
a - a +1 hunting sling (weapon)
{sling} An orc is nearby!
You shoot a stone. The stone hits the orc.
Your hands tingle!
b - a +0 dagger of speed (weapon)
{short} You completely miss the orc.
The orc hits you with a +0 hand axe. 😕 HP[-3]
You take 3 damage, and now have 24/27 hp.
You barely miss the orc. You closely miss the orc. The orc misses you.
You closely miss the orc. You hit the orc. The orc barely misses you.
You hit the orc but do no damage. You hit the orc. The orc closely misses you.
You hit the orc. The orc barely misses you.
You hit the orc.
You kill the orc!
You now have 88 gold pieces (gained 12).
You see here a +0 hand axe {axe}. 😕 HP[+1]
a - a +1 hunting sling (weapon)
{sling}
s - 15 stones (gained 1) 😎 HP[+2]
Your hp is fully restored (27).
You shoot a stone. The orc wizard shouts!
The stone hits the orc wizard.
The orc wizard casts a spell.
The orc wizard flickers and vanishes for a moment.
You shoot a stone. The stone barely misses the orc wizard.
You shoot a stone. The stone hits the orc wizard.
You shoot a stone.
The stone closely misses the orc wizard.
An orc wizard is nearby!
Your hands tingle!
b - a +0 dagger of speed (weapon)
{short} The orc wizard hits you with a +0 dagger. 😕 HP[-3]
You take 3 damage, and now have 24/27 hp.
You hit the orc wizard. The orc wizard misses you.
You closely miss the orc wizard. You hit the orc wizard.
The orc wizard hits you with a +0 dagger. 😕 HP[-3]
You take 3 damage, and now have 21/27 hp.
You hit the orc wizard but do no damage.
Your punch misses the orc wizard. 😕 HP[+1]
You hit the orc wizard.
The orc wizard hits you but does no damage.
You hit the orc wizard but do no damage.
The orc wizard hits you with a +0 dagger. 😮 HP[-4]
You take 4 damage, and now have 18/27 hp.
You closely miss the orc wizard.
You hit the orc wizard but do no damage.
Your punch misses the orc wizard.
The orc wizard hits you with a +0 dagger. 😮 HP[-3]
You take 3 damage, and now have 15/27 hp.
You hit the orc wizard. You hit the orc wizard.
The orc wizard closely misses you.
You completely miss the orc wizard.
The orc wizard gestures at you while chanting.
The magic dart hits you.
* * * LOW HITPOINT WARNING * * *
😨 HP[-6]
You take 6 damage, and now have 9/27 hp.
MASSIVE DAMAGE!! (PAUSE)
You hit the orc wizard but do no damage.
You closely miss the orc wizard.
The orc wizard gestures at you while chanting.
The magic dart hits you.
* * * LOW HITPOINT WARNING * * *
😱 HP[-6]
You take 6 damage, and now have 3/27 hp.
MASSIVE DAMAGE!! (PAUSE)
The orc wizard gestures at you while chanting.
The magic dart hits you!
You die...

Skill      XL: |  1  2  3  4  5 |
---------------+----------------+-----
Short Blades   | 1 2 |  2.6
Slings         | 5 |  5.6
Dodging        | 3 4 |  4.3
Fighting       | 2 |  2.5
Stealth        | 2 |  2.0

Action                   |  1- 3 |  4- 6 || total
-------------------------+-------+-------++-------
Melee: Short sword       |    69 |       ||    69
       Punch             |     3 |     4 ||     7
       Dagger            |    46 |   204 ||   250
 Fire: Hunting sling     |    47 |    44 ||    91
Throw: Dart              |       |     8 ||     8
 Stab: Sleeping          |       |     2 ||     2
Armor: Robe              |    10 |    18 ||    28
Dodge: Dodged            |    83 |   110 ||   193

Levels and vault maps discovered:
D:1:      saegor_arrival_under_anarchy, layout_basic, serial_shops,
          nicolae_shop_stone, chequers_ecumenical_altar_simple
D:2:      layout_loops_ring, basic_altar, uniq_robin
D:3:      layout_basic, grunt_ministairs_10

Notes
Turn   | Place    | Note
-------+----------+-------------------------------------------
     0 | D:1      | AmazingTV the Spriggan Hunter began the quest for the Orb.
     0 | D:1      | Reached XP level 1. HP: 10/10 MP: 2/2
     0 | D:1      | magus.rc [v1.9.6]
   183 | D:1      | Found a faded altar of an unknown god.
   322 | D:1      | You pick up a book of Frost and begin reading...
   322 | D:1      | You add the spells Freeze, Frozen Ramparts and Hailstorm to
                  | your library.
   352 | D:1      | Found Xofrohu's Antique Weapon Shoppe.
   604 | D:2      | Reached skill level 1 in Short Blades
   604 | D:2      | Reached skill level 5 in Slings
   604 | D:2      | Reached skill level 3 in Dodging
   604 | D:2      | Reached XP level 2. HP: 15/15 MP: 3/3
   722 | D:2      | Reached skill level 2 in Fighting
   722 | D:2      | Reached XP level 3. HP: 10/18 MP: 4/4
   821 | D:2      | Noticed Robin
  1109 | D:2      | Found a white marble altar of Elyvilon.
  1160 | D:2      | HP: 1/18 [worm (7)]
  1540 | D:2      | Killed Robin
  1807 | D:2      | You pick up a book of Changes and begin reading...
  1807 | D:2      | You add the spells Beastly Appendage, Wereblood and Spider
                  | Form to your library.
  1922 | D:2      | Reached XP level 4. HP: 14/23 MP: 5/5
  2193 | D:2      | Reached skill level 2 in Short Blades
  2765 | D:2      | Reached skill level 4 in Dodging
  3433 | D:3      | Reached XP level 5. HP: 24/27 MP: 6/6
  4357 | D:3      | Reached skill level 2 in Stealth
  4601 | D:3      | HP: 3/27 [orc wizard/magic dart (6)]
  4603 | D:3      | Killed from afar by an orc wizard

Vanquished Creatures
  Robin (D:2)
  4 gnolls
  5 adders (D:2)
  2 worms (D:2)
  A dart slug (D:3)
  8 orcs (D:3)
  3 ball pythons
  4 endoplasms
  2 giant cockroaches
  10 hobgoblins
  4 bats
  8 frilled lizards
  9 goblins
  A kobold (D:1)
  8 rats
70 creatures vanquished.

Table legend:
 A = Non-vault XP
 B = Vault XP
 C = Vault XP percentage of total XP
 D = Non-vault monster count
 E = Vault monster count
 F = Vault count percentage of total count
                 A         B        C        D         E       F
            +---------+---------+-------+---------+---------+-------
      Total |     199 |      52 |  20.7 |      52 |      18 |  25.7
            +---------+---------+-------+---------+---------+-------
        D:1 |       9 |       1 |  10.0 |       7 |       1 |  12.5
        D:2 |     142 |      38 |  21.1 |      28 |      12 |  30.0
        D:3 |      48 |      13 |  21.3 |      17 |       5 |  22.7
            +---------+---------+-------+---------+---------+-------

Illustrated notes

Table legend:
 A = Kills in this place as a percentage of kills in entire the game.
 B = Kills by you in this place as a percentage of kills by you in the entire game.
 C = Kills by friends in this place as a percentage of kills by friends in the entire game.
 D = Other kills in this place as a percentage of other kills in the entire game.
 E = Experience gained in this place as a percentage of experience gained in the entire game.
 F = Experience gained in this place divided by the number of levels of this place that you have seen.
                   A       B       C       D       E      F
               +-------+-------+-------+-------+-------+----------------------
         Total | 100.0 | 100.0 |   N/A |   N/A | 100.0 |  83.7
       Dungeon | 100.0 | 100.0 |   N/A |   N/A | 100.0 |  83.7
               +-------+-------+-------+-------+-------+----------------------

Table legend: (Time is in decaauts)
 A = Elapsed time spent in this place.
 B = Non-inter-level travel time spent in this place.
 C = Inter-level travel time spent in this place.
 D = Time resting spent in this place.
 E = Time spent auto-exploring this place.
 F = Levels seen in this place.
 G = Mean time per level.
                   A        B        C        D        E       F      G
               +--------+--------+--------+--------+--------+-----+--------+
         Total |   3709 |   3615 |     94 |   1790 |   1197 |   3 | 1236.3 |
       Dungeon |   3709 |   3615 |     94 |   1790 |   1197 |   3 | 1236.3 |
               +--------+--------+--------+--------+--------+-----+--------+

Top non-repeatable levels by time:
     D:2: 2251 daAuts
     D:1: 862 daAuts
     D:3: 596 daAuts
